 Dungeon Crawl Stone Soup version 0.31-a0-187-gba352fbbf7 (webtiles) character file.

Game seed: 17179789870149432285

3290 qw the Skirmisher (level 9, -5/51 HPs)
             Began as a Deep Elf Hunter on June 22, 2023.
             Was a Believer of Okawaru.
             Killed by divine providence
             ... invoked by an orc priest
              (15 damage)
             ... on level 8 of the Dungeon.
             The game lasted 00:02:35 (6472 turns).

qw the Skirmisher (Deep Elf Hunter)                 Turns: 6472, Time: 00:02:36

Health: -5/51      AC: 10    Str: 12    XL:     9   Next: 69%
Magic:  14/15      EV: 18    Int: 15    God:    Okawaru [**....]
Gold:   145        SH:  0    Dex: 18    Spells: 8/8 levels left

rFire   . . .        q - +0 arbalest
rCold   . . .        (shield currently unavailable)
rNeg    . . .        i - +3 leather armour {rPois}
rPois   +            k - +2 hat
rElec   .            (no cloak)
rCorr   .            (no gloves)
SInv    +            h - +0 pair of boots {Fly}
Will    ++...        (no amulet)
Stlth   +++          o - ring of willpower
HPRegen 0.28/turn    j - ring of see invisible
MPRegen 0.14/turn

%: no passive effects
@: about to teleport, heroic, flying
A: strong-willed 1
a: Renounce Religion, Heroism


You were on level 8 of the Dungeon.
You worshipped Okawaru.
Okawaru was pleased with you.
You visited 2 branches of the dungeon, and saw 9 of its levels.
You also visited: Sewer.

You collected 377 gold pieces.
You spent 232 gold pieces at shops.


Innate Abilities, Weirdness & Mutations

You are strong-willed. (Will+)


   Skills:
 - Level 3.3(8.3) Fighting
 + Level 14.9(19.9) Ranged Weapons
 - Level 1.6(6.6) Armour
 - Level 6.2(11.2) Dodging
 - Level 1.2(6.2) Stealth
 - Level 5.3 Invocations


You had 8 spell levels left.
You didn't know any spells.
Your spell library was empty.

Inventory:

Hand Weapons
 q - a +0 arbalest (weapon)
Armour
 h - a +0 pair of boots of flying (worn)
 i - a +3 leather armour of poison resistance (worn)
 k - a +2 hat (worn)
 p - a +0 scale mail of fire resistance
Jewellery
 j - a ring of see invisible (right hand)
 m - a ring of fire
 o - a ring of willpower (left hand)
 r - a ring of see invisible
Wands
 e - a wand of digging (12)
Scrolls
 a - 5 scrolls of identify
 c - 2 scrolls of teleportation
 s - a scroll of silence {unknown}
Potions
 b - a potion of cancellation
 d - 2 potions of curing
 f - a potion of mutation
 g - 4 potions of haste
 l - 4 potions of might
 n - a potion of enlightenment

Dungeon Overview and Level Annotations

Branches:
Dungeon (8/15)             Temple (1/1) D:5           Sewer (visited)
   Lair: D:8-11

Altars:
Ashenzari
Cheibriados
Dithmenos
Elyvilon
Fedhas
Hepliaklqana
Kikubaaqudgha
Makhleb
Nemelex Xobeh
Okawaru
Qazlal
Sif Muna
Trog
Uskayaw
Vehumet
Wu Jian
Xom
Yredelemnul
The Shining One

Shops:
D:6 *=:

Annotations:
D:5 3 runed translucent doors, qw's ghost, novice DEHu
D:6 2 transporters, 1 runed translucent door


Message History

You shoot a bolt. The bolt hits the sky beast!!
You kill the sky beast!
Okawaru accepts your kill.
You see here a sky beast corpse.
An orc comes into view. It is wielding a +2 mace of protection.
Enter note:
Enter note:
Enter note:
Enter note:
Enter note:
Enter note: You shoot a bolt.
The bolt hits the orc.
The orc is almost dead.
An orc priest comes into view. It is wielding a +0 dagger.
6465 ||| INVOKING Heroism.
You gain the combat prowess of a mighty hero.
You shoot a bolt. The bolt hits the orc!!
You kill the orc!
Okawaru accepts your kill. The steam dragon breathes steam at you.
The ball of steam hits you!
The orc priest calls down the wrath of Beogh upon you.
Beogh smites you!
You shoot a bolt.
The bolt hits the orc priest but does no damage.
You are engulfed in a cloud of scalding steam.
The orc priest invokes the aid of Beogh against you.
Beogh smites you!
6468 ||| FLEEEEING.
You see here a sky beast corpse.
6469 ||| STILL FLEEEEING.
6470 ||| FLEEEEING.
6471 ||| READING 3 scrolls of teleportation.
As you read the scroll of teleportation, it crumbles to dust.
You feel strangely unstable.
You shoot a bolt. The bolt hits the steam dragon!
The steam dragon is heavily wounded.
The orc priest invokes the aid of Beogh against you.
Beogh smites you!
You die...

....#..##..# #.###..##..#
#.###..##..# # #..........#
# ## .## #######...## #.
.#... # ####.#### .##.#.#
## #.......# .....###
.###....##.########......#.
.'))............@D%...o..'.
.###..<..#.########.).##.#.
## #..<.##.# #¤.## #
#.#.###.# .D.# #.......#
#¤## ###.##### #D# .# #..
######.# ... .......#


You could see a steam dragon and an orc priest.

Vanquished Creatures
  A two-headed ogre (D:7)
  Sigmund (D:4)
  Eustachio (D:6)
  3 sky beasts
  2 ice beasts
  3 ogres
  2 centaurs
  3 phantoms
  2 bullfrogs
  2 scorpions (D:4)
  3 wights (D:8)
  An electric eel (D:8)
  A human zombie (D:6)
  3 sleepcaps
  6 orc priests
  A hound (D:7)
  Ijyb (D:3)
  An iguana (D:6)
  6 orc wizards
  A hell rat (Sewer)
  7 adders
  9 gnolls
  A river rat (Sewer)
  A shadow imp (D:5)
  3 white imps
  2 worms (D:6)
  3 dart slugs
  34 orcs
  6 ball pythons
  10 endoplasms
  6 giant cockroaches
  8 goblins
  7 hobgoblins
  4 jackals (D:1)
  2 quokkas
  4 bats
  A goblin skeleton (D:6)
  A jackal skeleton (D:6)
  9 kobolds
  12 rats
174 creatures vanquished.

Notes
Turn   | Place    | Note
-------+----------+-------------------------------------------
     0 | D:1      | qw the Deep Elf Hunter began the quest for the Orb.
     0 | D:1      | Reached XP level 1. HP: 12/12 MP: 3/3
     0 | D:1      | 0 ||| qw: Version: 0.3-a-9-g12657ce
     0 | D:1      | 0 ||| qw: Game counter: 1997
     0 | D:1      | 0 ||| qw: Always use a shield: true
     0 | D:1      | 0 ||| qw: God list: Okawaru
     0 | D:1      | 0 ||| qw: Allow faded altars: false
     0 | D:1      | 0 ||| qw: Do Orc after D:15 true
     0 | D:1      | 0 ||| qw: Do second Lair branch before Depths: true
     0 | D:1      | 0 ||| qw: Lair rune preference: random
     0 | D:1      | 0 ||| qw: Plans: Normal
     0 | D:1      | 0 ||| PLANNING D:1-11
   152 | D:1      | Reached skill level 6 in Ranged Weapons
   152 | D:1      | Reached XP level 2. HP: 13/16 MP: 4/4
   365 | D:1      | Reached XP level 3. HP: 20/20 MP: 5/5
   389 | D:1      | 389 ||| FLEEEEING.
   526 | D:1      | 526 ||| FLEEEEING.
   527 | D:1      | 527 ||| FLEEEEING.
   560 | D:1      | 560 ||| READING 2 scrolls labelled ZEOHEY GAOMUCE.
   561 | D:1      | 561 ||| READING scroll labelled XALAEJUMUP.
   562 | D:1      | 562 ||| READING scroll labelled ONEJAO WOHEILE.
   563 | D:1      | 563 ||| READING scroll labelled WIPPEL ETUEREM.
   564 | D:1      | 564 ||| DROPPING scroll of butterflies.
   662 | D:2      | Reached skill level 7 in Ranged Weapons
   742 | D:2      | 742 ||| READING scroll of enchant weapon.
   742 | D:2      | 742 ||| ENCHANTING +1 shortbow.
   773 | D:2      | Reached XP level 4. HP: 12/25 MP: 6/6
   829 | D:2      | 829 ||| READING scroll of enchant weapon.
   829 | D:2      | 829 ||| ENCHANTING +2 shortbow.
  1008 | D:2      | 1008 ||| UPGRADING to +0 ring mail.
  1018 | D:2      | 1018 ||| DROPPING +0 leather armour.
  1019 | D:2      | 1019 ||| READING scroll labelled WEOHINN UPPAA.
  1020 | D:2      | 1020 ||| READING scroll labelled TEG OFITHIFECY.
  1025 | D:2      | 1025 ||| DRINKING 2 dark potions.
  1026 | D:2      | 1026 ||| READING 2 scrolls of identify.
  1026 | D:2      | 1026 ||| IDENTIFYING emerald potion
  1118 | D:3      | Found a faded altar of an unknown god.
  1127 | D:3      | 1127 ||| FLEEEEING.
  1219 | D:3      | Noticed Ijyb
  1232 | D:3      | Killed Ijyb
  1233 | D:3      | Reached skill level 8 in Ranged Weapons
  1316 | D:3      | Reached XP level 5. HP: 29/29 MP: 7/7
  1319 | D:3      | 1319 ||| FLEEEEING.
  1321 | D:3      | 1321 ||| FLEEEEING.
  1322 | D:3      | 1322 ||| FLEEEEING.
  1589 | D:3      | Reached skill level 9 in Ranged Weapons
  1848 | D:3      | 1848 ||| READING scroll labelled ICEEFA MEOCO.
  1902 | D:3      | 1902 ||| DRINKING 2 bubbling orange potions.
  1902 | D:3      | Gained mutation: You are strong-willed. (Will+) [potion of
                  | mutation]
  1903 | D:3      | 1903 ||| READING 3 scrolls of identify.
  1903 | D:3      | 1903 ||| IDENTIFYING clear potion
  1904 | D:3      | 1904 ||| READING 2 scrolls of identify.
  1904 | D:3      | 1904 ||| IDENTIFYING grey potion
  1905 | D:3      | 1905 ||| DROPPING potion of brilliance.
  1980 | D:4      | Noticed Sigmund
  1996 | D:4      | Killed Sigmund
  1997 | D:4      | Reached skill level 3 in Fighting
  1997 | D:4      | Reached XP level 6. HP: 17/37 MP: 8/8
  2109 | D:4      | 2109 ||| DRINKING 2 potions of curing.
  2109 | D:4      | 2109 ||| (to cure confusion)
  2116 | D:4      | Reached skill level 10 in Ranged Weapons
  2116 | D:4      | Reached XP level 7. HP: 29/41 MP: 9/9
  2193 | D:4      | Found a bloodstained altar of Trog.
  2259 | D:4      | Reached skill level 3 in Dodging
  2750 | D:4      | 2750 ||| UPGRADING to +2 hat.
  2759 | D:5      | Entered Level 5 of the Dungeon
  2837 | D:5      | Found a staircase to the Ecumenical Temple.
  2838 | D:5      | 2838 ||| PLANNING TEMPLE
  2846 | Temple   | Entered the Ecumenical Temple
  2920 | Temple   | 2920 ||| PLANNING OKAWARU WORSHIP
  3044 | Temple   | Became a worshipper of Warmaster Okawaru
  3045 | Temple   | 3045 ||| PLANNING D:1-11
  3137 | D:5      | 3137 ||| SWAPPING to +0 orcbow.
  3138 | D:5      | 3138 ||| DROPPING +3 shortbow.
  3209 | D:5      | Found a glowing golden altar of the Shining One.
  3233 | D:5      | Reached skill level 11 in Ranged Weapons
  3272 | D:5      | Reached XP level 8. HP: 46/46 MP: 10/10
  3603 | D:5      | Found a runed translucent gate.
  3604 | D:5      | Found a runed translucent gate.
  3604 | D:5      | Noticed qw's ghost (novice DEHu)
  3605 | D:5      | Found a runed translucent gate.
  3724 | D:5      | 3724 ||| UPGRADING to ring of willpower.
  3725 | D:5      | 3725 ||| READING 3 scrolls of identify.
  3725 | D:5      | 3725 ||| IDENTIFYING viscous clear potion
  3726 | D:5      | 3726 ||| READING 2 scrolls of identify.
  3726 | D:5      | 3726 ||| IDENTIFYING murky dark potion
  3727 | D:5      | 3727 ||| DROPPING potion of degeneration.
  3728 | D:5      | 3728 ||| DROPPING potion of invisibility.
  3758 | D:6      | 3758 ||| PLANNING SEWER
  3879 | D:6      | Found Cus Qif's General Store.
  3886 | D:6      | 3886 ||| SHOPLISTING +4 orcbow "Haraxzia" {freeze, SInv
                  | Stlth+} (443 gold, have 181).
  3886 | D:6      | 3886 ||| SHOPLISTING scroll of acquirement (572 gold, have
                  | 181).
  3886 | D:6      | 3886 ||| BUYING scroll of identify (22 gold).
  3886 | D:6      | Bought a scroll of identify for 22 gold pieces
  3932 | D:6      | Reached skill level 12 in Ranged Weapons
  3941 | D:6      | Found a shimmering blue altar of Sif Muna.
  4111 | D:6      | Reached * piety under Okawaru
  4112 | D:6      | Reached skill level 1 in Armour
  4209 | D:6      | Found a glowing drain.
  4231 | D:6      | 4231 ||| UPGRADING to +0 pair of boots of flying.
  4236 | D:6      | 4236 ||| UPGRADING to +3 leather armour of poison
                  | resistance.
  4246 | D:6      | 4246 ||| DROPPING +0 ring mail.
  4247 | D:6      | 4247 ||| READING 2 scrolls of identify.
  4247 | D:6      | 4247 ||| IDENTIFYING pink potion
  4248 | D:6      | 4248 ||| DROPPING potion of attraction.
  4256 | Sewer    | Entered a sewer
  4335 | Sewer    | 4335 ||| READING 3 scrolls of identify.
  4335 | Sewer    | 4335 ||| IDENTIFYING brown potion
  4336 | Sewer    | 4336 ||| READING 2 scrolls of identify.
  4336 | Sewer    | 4336 ||| IDENTIFYING ruby potion
  4348 | D:6      | 4348 ||| PLANNING D:1-11
  4373 | D:6      | 4373 ||| INVOKING Heroism.
  4396 | D:6      | Reached skill level 1 in Invocations
  4521 | D:6      | Found a transporter.
  4521 | D:6      | Found Lipt's Book Shoppe.
  4586 | D:6      | 4586 ||| FLEEEEING.
  4587 | D:6      | 4587 ||| FLEEEEING.
  4588 | D:6      | 4588 ||| FLEEEEING.
  4589 | D:6      | 4589 ||| FLEEEEING.
  4597 | D:6      | Found a transporter.
  4670 | D:6      | Found Izoliogias's Jewellery Emporium.
  4689 | D:6      | Noticed Eustachio
  4690 | D:6      | 4690 ||| INVOKING Heroism.
  4695 | D:6      | Killed Eustachio
  4696 | D:6      | Reached skill level 3 in Invocations
  4718 | D:6      | Found a runed translucent door.
  4814 | D:6      | Found a basalt altar of Yredelemnul.
  4853 | D:6      | 4853 ||| SHOPLISTING +4 ring of protection (504 gold, have
                  | 226).
  4853 | D:6      | 4853 ||| SHOPLISTING +4 ring of slaying (1092 gold, have
                  | 226).
  4853 | D:6      | 4853 ||| SHOPLISTING +6 ring of dexterity (504 gold, have
                  | 226).
  4853 | D:6      | 4853 ||| SHOPLISTING amulet of faith (560 gold, have 226).
  4853 | D:6      | 4853 ||| SHOPLISTING ring of protection from cold (350
                  | gold, have 226).
  4853 | D:6      | 4853 ||| BUYING ring of see invisible (210 gold).
  4853 | D:6      | Bought a ring of see invisible for 210 gold pieces
  4853 | D:6      | 4853 ||| SHOPLISTING ring of see invisible (210 gold, have
                  | 16).
  4853 | D:6      | 4853 ||| SHOPLISTING ring of the Raven {Will+ MP+9 Str+2}
                  | (515 gold, have 16).
  4965 | D:6      | 4965 ||| SWAPPING to +0 arbalest.
  4967 | D:6      | 4967 ||| DROPPING +0 orcbow.
  5096 | D:6      | 5096 ||| UPGRADING to ring of see invisible.
  5097 | D:6      | 5097 ||| READING 2 scrolls of identify.
  5097 | D:6      | 5097 ||| IDENTIFYING red potion
  5098 | D:6      | 5098 ||| DROPPING potion of ambrosia.
  5148 | D:7      | Reached skill level 13 in Ranged Weapons
  5235 | D:7      | Noticed a two-headed ogre
  5236 | D:7      | 5236 ||| INVOKING Heroism.
  5243 | D:7      | Killed a two-headed ogre
  5243 | D:7      | Reached ** piety under Okawaru
  5244 | D:7      | Reached XP level 9. HP: 51/51 MP: 11/15
  5326 | D:7      | Identified the +0 robe of Exclusion {rCorr Int+2}
  5432 | D:7      | Reached skill level 14 in Ranged Weapons
  5432 | D:7      | 5432 ||| INVOKING Heroism.
  5434 | D:7      | 5434 ||| Stepping ~*~*~tactically~*~*~ (outnumbered).
  5815 | D:7      | 5815 ||| INVOKING Heroism.
  5817 | D:7      | Reached skill level 6 in Dodging
  5904 | D:7      | 5904 ||| DROPPING +0 robe of Exclusion {rCorr Int+2}.
  5905 | D:7      | 5905 ||| DROPPING ring of flight.
  5906 | D:7      | 5906 ||| DRINKING 2 green potions.
  6011 | D:7      | 6011 ||| DROPPING potion of berserk rage.
  6238 | D:8      | 6238 ||| INVOKING Heroism.
  6264 | D:8      | 6264 ||| INVOKING Heroism.
  6300 | D:8      | 6300 ||| INVOKING Heroism.
  6438 | D:8      | 6438 ||| INVOKING Heroism.
  6440 | D:8      | 6440 ||| Stepping ~*~*~tactically~*~*~ (cloud).
  6441 | D:8      | 6441 ||| Stepping ~*~*~tactically~*~*~ (cloud).
  6465 | D:8      | 6465 ||| INVOKING Heroism.
  6467 | D:8      | HP: 8/51 [orc priest/divine providence (11)]
  6468 | D:8      | 6468 ||| FLEEEEING.
  6470 | D:8      | 6470 ||| FLEEEEING.
  6471 | D:8      | 6471 ||| READING 3 scrolls of teleportation.
  6472 | D:8      | Killed from afar by an orc priest

Levels and vault maps discovered:
D:1:      dpeg_arrival_rooms_a, layout_rooms, minmay_pentomino_s4
D:2:      layout_rooms
D:3:      layout_loops_ring, nicolae_ecumenical_snake_handling, uniq_ijyb
D:4:      layout_basic, trog_three_pillars_becter, guppyfry_early_lair_pool,
          uniq_sigmund
D:5:      layout_basic, nicolae_tso_carved_into_rock,
          minmay_temple_entry_butterflies, gammafunk_ghost_nasty_kobolds
D:6:      layout_loops_corners, mainiacjoe_overflow_small_starburst,
          dk_yredelemnul_ordeal, serial_shops, nicolae_shop_window_shopping,
          nicolae_shop_drivethru, shop, cheibrodos_sewer_entry_bend,
          uniq_eustachio
D:7:      layout_loops_ring, dreamdust_gnoll_farm
D:8:      layout_loops_corners, small_chamber_with_monster,
          nicolae_water_bricks, dk_noncrumbling_3, uniq_prince_ribbit1
Temple:   bh_familiar_temple

Skill      XL: |  1  2  3  4  5  6  7  8  9 |
---------------+----------------------------+-----
Ranged Weapons | 6 7 8 9 10 11 13 14 | 14.9
Fighting       | 3 |  3.3
Dodging        | 3 5 6 |  6.2
Armour         | 1 |  1.6
Invocations    | 5 |  5.3
Stealth        | |  1.2

Action                     |  1- 3 |  4- 6 |  7- 9 || total
---------------------------+-------+-------+-------++-------
   Fire: Shortbow          |   115 |   135 |    49 ||   299
         Orcbow            |       |       |   162 ||   162
         Arbalest          |       |       |    98 ||    98
 Invoke: Heroism           |       |       |    10 ||    10
    Use: Scroll            |     5 |     7 |     7 ||    19
         Potion            |       |     3 |     1 ||     4
 Armour: Leather armour    |    12 |       |    30 ||    42
         Ring mail         |       |    14 |    13 ||    27
  Dodge: Dodged            |    38 |    25 |    73 ||   136

Table legend:
 A = Non-vault XP
 B = Vault XP
 C = Vault XP percentage of total XP
 D = Non-vault monster count
 E = Vault monster count
 F = Vault count percentage of total count
                 A         B        C        D         E       F
            +---------+---------+-------+---------+---------+-------
      Total |    3985 |     716 |  15.2 |     143 |      31 |  17.8
            +---------+---------+-------+---------+---------+-------
        D:1 |      50 |       5 |   9.1 |      27 |       3 |  10.0
        D:2 |      45 |       0 |   0.0 |      10 |       0 |   0.0
        D:3 |     153 |      55 |  26.4 |      31 |       6 |  16.2
        D:4 |     470 |     236 |  33.4 |      18 |       2 |  10.0
        D:5 |     447 |       0 |   0.0 |       8 |       0 |   0.0
        D:6 |     820 |     257 |  23.9 |      24 |       6 |  20.0
        D:7 |    1397 |     110 |   7.3 |       7 |       6 |  46.2
        D:8 |     603 |       0 |   0.0 |      18 |       0 |   0.0
      Sewer |       0 |      53 | 100.0 |       0 |       8 | 100.0
            +---------+---------+-------+---------+---------+-------
